[Event "ICCopen2017"]
[Site "Internet Chess Club"]
[Date "2017.03.19"]
[Round "3"]
[White "Koval"]
[Black "leole51"]
[Result "0-1"]
[ICCResult "White resigns"]
[WhiteElo "1879"]
[BlackElo "1601"]
[Opening "Queen's pawn game"]
[ECO "D00"]
[NIC "QP.07"]
[Time "19:35:09"]
[TimeControl "180+0"]

1. d4 Nf6 2. Nc3 d5 3. f3 c5 4. e4 dxe4 5. d5 e3 6. Bxe3 e6 7. Bb5+ Nbd7 8.
dxe6 fxe6 9. Nge2 Be7 10. O-O O-O 11. Nf4 Ne5 12. Qe2 a6 13. Bc4 Nxc4 14.
Qxc4 b5 15. Qe2 Qc7 16. Rad1 Qe5 17. Qf2 b4 18. Na4 c4 19. Rfe1 Qb5 20. Nb6
Rb8 21. Nxc8 Rbxc8 22. Nxe6 Rfe8 23. Qg3 Bf8 24. Bh6 Nh5 25. Qg4 Nf6 26. Qh4
Qb7 27. Bg5 Qb6+ 28. Be3 Qxe6 29. Bf2 Qf7 30. g4 Rxe1+ 31. Bxe1 Be7 32. Qg3
Nd5 33. Kg2 Bc5 34. Qe5 Ne3+ 35. Kh1 Nxd1 36. Qe4 Re8 {White resigns} 0-1

[Event "ICCopen2017"]
[Site "Internet Chess Club"]
[Date "2017.03.19"]
[Round "3"]
[White "COMBINATOR35"]
[Black "Falstaf"]
[Result "1-0"]
[ICCResult "Black resigns"]
[WhiteElo "2393"]
[BlackElo "2963"]
[Opening "Four knights: Scotch, 4...exd4"]
[ECO "C47"]
[NIC "KP.06"]
[Time "19:34:59"]
[TimeControl "180+0"]

1. e4 e5 2. Nf3 Nc6 3. Nc3 Nf6 4. d4 exd4 5. Nxd4 Bc5 6. Nxc6 bxc6 7. Bd3 d6
8. Na4 Bb6 9. O-O Ng4 10. Nxb6 axb6 11. Qf3 Qh4 12. Qg3 Qxg3 13. hxg3 h5 14.
b3 f6 15. Bb2 c5 16. Rad1 Rxa2 17. Bc3 Bd7 18. Ra1 Rxa1 19. Rxa1 Bc6 20. f3
Ne5 21. Be2 Kd7 22. Kf2 h4 23. gxh4 Rxh4 24. Kg3 Rh8 25. Bb2 b5 26. Kf2 b4
27. Ke3 Ra8 28. Rxa8 Bxa8 29. f4 Nf7 30. Bh5 Ke7 31. c4 Bc6 32. Bxf7 Kxf7
33. f5 g6 34. fxg6+ Kxg6 35. Kf4 Bd7 36. g4 Be6 37. Bc1 Kf7 38. Be3 Ke7 39.
Bf2 Bg8 40. Be3 Ke6 41. Bg1 Bh7 42. Be3 c6 43. Bf2 Bg6 44. Bg1 Kd7 45. Bf2
Ke6 46. Bg1 Ke7 47. Bf2 Kf7 48. Bg1 Bh7 49. Bf2 Ke7 50. Be3 Kd7 51. Bc1 Ke6
52. Be3 Bg8 53. Bf2 Ke7 54. Be3 Ke6 55. Bf2 Bh7 56. Be3 d5 57. Bxc5 Bxe4 58.
Bxb4 Bc2 59. cxd5+ Kxd5 60. Bc3 Bxb3 61. Bxf6 Ke6 62. Bd4 Kf7 63. Ke5 Kg6
64. Be3 Bd1 65. g5 Bf3 66. Kd6 Bd5 67. Kc5 Bf3 68. Kd6 Bd5 69. Bc1 Bf3 70.
Kc5 Bd5 71. Kd4 Bf3 72. Ke5 Bd5 73. Kf4 Be6 74. Ke5 Bf5 75. Kf4 Bh3 76. Ke5
Bf5 77. Kd6 Bh3 78. Kxc6 Bf5 79. Kd5 Bg4 80. Ke5 Bf5 81. Kf4 Bh3 82. Bd2 Bf5
83. Bc3 Bc8 84. Bf6 Bb7 85. Kg3 Bc8 86. Kf4 Bf5 87. Ke5 Bc8 88. Kd4 Bh3 89.
Kd5 Bf5 90. Kd6 Bh3 91. Ke7 Bg4 92. Kd6 Bh3 93. Ke5 Bg4 94. Kd6 Bh3 95. Kc7
Bg4 96. Kd6 Bh3 97. Kc5 Bg4 98. Kd4 Bh3 99. Ke3 Bg4 100. Kd4 Bf5 101. Ke5
Bh3 102. Kf4 Bg4 103. Kxg4 {Black resigns} 1-0

[Event "ICCopen2017"]
[Site "Internet Chess Club"]
[Date "2017.03.19"]
[Round "3"]
[White "lmenezes"]
[Black "Ancient"]
[Result "0-1"]
[ICCResult "White forfeits on time"]
[WhiteElo "1647"]
[BlackElo "2012"]
[Opening "Queen's pawn"]
[ECO "A40"]
[NIC "QO.17"]
[Time "19:35:14"]
[TimeControl "180+0"]

1. d4 e6 2. Bf4 d5 3. e3 Bd6 4. Bg3 Nf6 5. Nf3 b6 6. Nbd2 Bb7 7. Bd3 O-O 8.
Ne5 Ne4 9. f3 Nxd2 10. Qxd2 f6 11. Ng4 Nd7 12. c3 Qe7 13. O-O-O c5 14. Qc2
f5 15. Nf2 c4 16. Be2 b5 17. e4 fxe4 18. fxe4 Bxg3 19. hxg3 Rxf2 20. exd5 h6
21. Rde1 Bxd5 22. Qg6 Qg5+ 23. Qxg5 hxg5 24. Bg4 Nf8 25. Re2 Rxe2 26. Bxe2
Bxg2 27. Rh2 Bd5 28. Bg4 a5 29. Re2 b4 30. Re5 bxc3 31. bxc3 Ra6 32. Rxg5
Nd7 33. Bh5 Nf6 34. Bg6 a4 35. Re5 a3 36. g4 Rb6 37. g5 Ng4 38. Re2 e5 39.
dxe5 Rxg6 40. Rd2 Be6 41. Rd8+ Kh7 42. Re8 Nxe5 {White forfeits on time} 0-1

[Event "ICCopen2017"]
[Site "Internet Chess Club"]
[Date "2017.03.19"]
[Round "3"]
[White "shredded"]
[Black "akibael"]
[Result "1-0"]
[ICCResult "Black checkmated"]
[WhiteElo "2778"]
[BlackElo "2157"]
[Opening "Queen's pawn: London system"]
[ECO "A45"]
[NIC "QP.07"]
[Time "19:35:45"]
[TimeControl "180+0"]

1. d4 Nf6 2. Bf4 d6 3. e3 g6 4. Nf3 Bg7 5. h3 O-O 6. c3 Nbd7 7. Nbd2 b6 8.
Bh2 Bb7 9. Bd3 c5 10. O-O Qc7 11. a4 a6 12. Qe2 Rfe8 13. Rfe1 Rec8 14. e4
cxd4 15. cxd4 Qd8 16. e5 dxe5 17. dxe5 Nd5 18. e6 Nf8 19. exf7+ Kxf7 20. Nc4
Kg8 21. Rad1 Qe8 22. Be4 Qxa4 23. Nxb6 Nxb6 24. Bxb7 Rc2 25. Qxe7 Ra7 26.
Be5 Bxe5 27. Nxe5 Qb3 28. Ng4 Rxb7 29. Nf6+ Kh8 30. Qxf8+ Qg8 31. Qxg8#
{Black checkmated}
1-0

[Event "ICCopen2017"]
[Site "Internet Chess Club"]
[Date "2017.03.19"]
[Round "3"]
[White "blackjack721"]
[Black "croder"]
[Result "0-1"]
[ICCResult "White forfeits on time"]
[WhiteElo "1380"]
[BlackElo "1549"]
[Opening "Bishop's opening"]
[ECO "C23"]
[NIC "IG.04"]
[Time "19:34:46"]
[TimeControl "180+0"]

1. e4 e5 2. Bc4 d6 3. c3 Be6 4. Qb3 Bxc4 5. Qxc4 Nc6 6. Nf3 f6 7. d4 exd4 8.
cxd4 Qe7 9. Nc3 Nh6 10. Bxh6 gxh6 11. O-O-O O-O-O 12. Nd5 Qg7 13. Qa4 a6 14.
g3 Kb8 15. Nh4 Qg5+ 16. f4 Qg7 17. Nf5 Qf7 18. Rd3 h5 19. Rhd1 Ne7 20. Ndxe7
Bxe7 21. d5 Rde8 22. Rb3 Ka7 23. Qb4 b6 24. Qc3 Rc8 25. Qc6 Rhe8 26. Rc3 Bf8
27. Qa4 Red8 28. Rd4 Qd7 29. Qa3 Qb5 30. Rdc4 Kb7 31. Rb4 Qf1+ 32. Kc2 Qe2+
33. Kb3 Qd1+ 34. Kc4 b5+ 35. Rxb5+ axb5+ 36. Kxb5 Qe2+ 37. Kb4 Rb8 38. Rc4
Kc8+ 39. Kc3 Qe1+ 40. Kd3 Qf1+ 41. Kd4 Qf2+ {White forfeits on time} 0-1

[Event "ICCopen2017"]
[Site "Internet Chess Club"]
[Date "2017.03.19"]
[Round "3"]
[White "Westman"]
[Black "glokoll"]
[Result "0-1"]
[ICCResult "White forfeits on time"]
[WhiteElo "1366"]
[BlackElo "1504"]
[Opening "Robatsch defense: three pawns attack"]
[ECO "B06"]
[NIC "KF.05"]
[Time "19:35:48"]
[TimeControl "180+0"]

1. e4 g6 2. d4 Bg7 3. f4 e6 4. Nf3 Ne7 5. Be2 O-O 6. O-O h6 7. c3 c6 8. Be3
d5 9. e5 f5 10. exf6 Rxf6 11. Ne5 Nd7 12. Nd2 Nf5 13. Bf2 Nxe5 14. fxe5 Rf8
15. Bd3 Ne7 16. Qc2 Qe8 17. Nf3 Kh7 18. Bh4 Nf5 19. Bxf5 Rxf5 20. Nd2 Qf8
21. Rxf5 exf5 22. Re1 Be6 23. Nf1 Qf7 24. Ng3 Rf8 25. Ne2 g5 26. Bg3 Qg6 27.
Bf2 h5 28. Qd2 Bh6 29. Qc2 f4 30. Qxg6+ Kxg6 31. Rc1 f3 32. gxf3 Rxf3 33.
Ng3 h4 34. Nf1 Kh5 35. Re1 Rf4 36. Ne3 g4 37. c4 g3 38. hxg3 hxg3 39. Bxg3
Rf3 {White forfeits on time} 0-1

[Event "ICCopen2017"]
[Site "Internet Chess Club"]
[Date "2017.03.19"]
[Round "3"]
[White "lustigbridge"]
[Black "P10"]
[Result "0-1"]
[ICCResult "White forfeits on time"]
[WhiteElo "1764"]
[BlackElo "1515"]
[Opening "Sicilian, Chekhover variation"]
[ECO "B53"]
[NIC "SI.02"]
[Time "19:34:55"]
[TimeControl "180+0"]

1. e4 c5 2. Nf3 d6 3. d4 cxd4 4. Qxd4 a6 5. c4 Nc6 6. Qd1 Bg4 7. Nc3 Bxf3 8.
Qxf3 e6 9. g3 Nge7 10. Bg2 Nd4 11. Qd1 Nec6 12. O-O Be7 13. Be3 Qb6 14. b3
Bf6 15. Rc1 Qa5 16. c5 dxc5 17. Na4 Be7 18. e5 Rd8 19. Qg4 O-O 20. Be4 Nxe5
21. Bxh7+ Kxh7 22. Qh5+ Kg8 23. Qxe5 Nf3+ 24. Kg2 Nxe5 25. Bxc5 Bg5 26. f4
Nd3 27. Rc4 Nxc5 28. Rxc5 Qd2+ 29. Rf2 Qd4 30. Rxg5 b5 31. Nc5 Rd5 32. Rxd5
exd5 33. Nd7 Re8 34. Ne5 f6 35. Ng4 Re3 36. Kh3 Rd3 37. Rg2 Rd2 38. Rxd2
Qxd2 39. Nh6+ gxh6 40. Kg4 Qxa2 41. Kf5 Qxb3 42. Ke6 a5 43. Kd7 a4 44. Ke6
a3 45. Kd7 a2 46. Ke6 a1=Q 47. Kd7 Qe1 48. Kd6 Qc4 49. Kd7 d4 50. Kd6 d3 51.
Kd7 Qd4+ 52. Kc7 b4 53. Kb7 Qc1 54. Ka6 b3 55. Kb5 b2 56. Ka6 Qcc3
{White forfeits on time}
0-1

[Event "ICCopen2017"]
[Site "Internet Chess Club"]
[Date "2017.03.19"]
[Round "3"]
[White "FiveCardDraw"]
[Black "TheLlamaLord"]
[Result "0-1"]
[ICCResult "White forfeits on time"]
[WhiteElo "1521"]
[BlackElo "1836"]
[Opening "Nimzo-Indian: Simagin variation"]
[ECO "E46"]
[NIC "NI.10"]
[Time "19:35:10"]
[TimeControl "180+0"]

1. d4 Nf6 2. c4 e6 3. Nc3 Bb4 4. e3 O-O 5. Ne2 d5 6. a3 Bd6 7. g3 dxc4 8.
Qa4 c5 9. Qxc4 cxd4 10. Nxd4 Bd7 11. Bg2 Nc6 12. Nxc6 Bxc6 13. Bxc6 Rc8 14.
O-O Rxc6 15. Qa4 a6 16. Ne4 Be5 17. Nxf6+ Qxf6 18. Rb1 b5 19. Qe4 Rfc8 20.
b4 Rc2 21. Qb7 R2c6 22. Rd1 h6 23. Rf1 Qd8 24. Qa7 R8c7 25. Rd1 Qxd1+ 26.
Kg2 Rxa7 27. Bb2 Qxb1 28. Bxe5 Qe4+ 29. Kg1 Qxe5 30. f4 Qe4 31. Kf2 Rc3 32.
Ke1 Rxa3 33. Kd1 Rb3 34. Ke1 Rxb4 35. Kd1 Rb2 36. Ke1 a5 37. Kd1 a4 38. Ke1
a3 39. Kd1 a2 40. Ke1 a1=N 41. Kf1 Rc2 42. Kg1 b4 {White forfeits on time}
0-1

[Event "ICCopen2017"]
[Site "Internet Chess Club"]
[Date "2017.03.19"]
[Round "3"]
[White "pabrazilian"]
[Black "mrneale"]
[Result "1-0"]
[ICCResult "Black forfeits on time"]
[WhiteElo "1404"]
[BlackElo "1085"]
[Opening "Four knights: Spanish variation"]
[ECO "C48"]
[NIC "KP.03"]
[Time "19:35:44"]
[TimeControl "180+0"]

1. e4 e5 2. Nf3 Nc6 3. Nc3 Nf6 4. Bb5 d6 5. d3 Bd7 6. a3 a6 7. Bc4 b5 8. Bb3
Nd4 9. Nxd4 exd4 10. Ne2 c5 11. O-O Be6 12. Bxe6 fxe6 13. f4 Be7 14. f5 exf5
15. Rxf5 O-O 16. Bg5 h6 17. Bh4 Ng4 18. Bxe7 Qxe7 19. Ng3 Ne3 20. Rxf8+ Rxf8
21. Qd2 Qe5 22. c3 d5 23. Re1 dxe4 24. dxe4 Nc4 25. Qc2 Ne3 26. Qd2 g5 27.
cxd4 cxd4 28. Nf5 Nxf5 29. exf5 Qxf5 30. Qxd4 Qf4 31. h3 Qxd4+ 32. Kh2 Qd2
33. Rg1 Rf2 34. h4 Qxb2 35. Kh3 Qxa3+ 36. g3 Qb4 37. hxg5 hxg5 38. Rg2 Rf3
39. Kh2 {Black forfeits on time} 1-0

[Event "ICCopen2017"]
[Site "Internet Chess Club"]
[Date "2017.03.19"]
[Round "3"]
[White "manneredmonkey"]
[Black "Nos"]
[Result "0-1"]
[ICCResult "White forfeits on time"]
[WhiteElo "1712"]
[BlackElo "2210"]
[Opening "English, 1...Nf6 (Anglo-Indian defense)"]
[ECO "A15"]
[NIC "EO.64"]
[Time "19:35:05"]
[TimeControl "180+0"]

1. c4 Nf6 2. g3 g6 3. Bg2 Bg7 4. Nc3 O-O 5. e4 d6 6. Nge2 e5 7. d3 c6 8. O-O
a6 9. h3 b5 10. a3 Nbd7 11. Be3 Bb7 12. b4 Rb8 13. Qd2 Re8 14. f4 Nh5 15. f5
Nb6 16. c5 dxc5 17. bxc5 Nd7 18. g4 Nhf6 19. g5 Nh5 20. fxg6 hxg6 21. Rf3
Qe7 22. Raf1 Rf8 23. h4 Nxc5 24. Nc1 Rbd8 25. Qf2 Ne6 26. N3e2 Qxa3 27. d4
exd4 28. Bxd4 Qe7 29. Bf6 Bxf6 30. gxf6 Qc5 31. Re3 Nd4 32. Nxd4 Qxd4 33.
Nb3 Qe5 34. Rc1 Qxf6 35. Nc5 Qxf2+ 36. Kxf2 Bc8 37. e5 Rd2+ 38. Re2 Rxe2+
39. Kxe2 Nf4+ 40. Kf3 Nxg2 41. Kxg2 Re8 42. Nd3 Bf5 43. Nf4 Rxe5 44. Kg3 c5
45. h5 g5 46. Ng2 Kg7 47. Rf1 c4 48. Rh1 Be4 49. h6+ Kh8 50. Rf1 Bxg2 51.
Kxg2 f5 52. Rd1 Kh7 53. Rd6 a5 54. Rb6 b4 55. Kf3 c3 56. Rc6 a4 57. Rc4 a3
58. Rxb4 Rc5 59. Rb7+ Kxh6 60. Rb6+ Kh5 61. Rb1 c2 62. Rh1+ Kg6 63. Rc1 a2
64. Ke3 a1=Q {White forfeits on time} 0-1

[Event "ICCopen2017"]
[Site "Internet Chess Club"]
[Date "2017.03.19"]
[Round "3"]
[White "Anneay"]
[Black "patterncircular"]
[Result "0-1"]
[ICCResult "White resigns"]
[WhiteElo "2517"]
[BlackElo "2113"]
[Opening "Pirc: Ufimtsev-Pytel variation"]
[ECO "B07"]
[NIC "PU.08"]
[Time "19:35:47"]
[TimeControl "180+0"]

1. e4 d6 2. d4 Nf6 3. Nc3 c6 4. f4 Qa5 5. Bd3 e5 6. Nf3 Bg4 7. Be3 Nbd7 8.
h3 Bh5 9. g4 exf4 10. Bxf4 Bg6 11. Qd2 Be7 12. O-O-O O-O 13. Kb1 Qd8 14.
Rdg1 d5 15. e5 Ne8 16. h4 Nc7 17. Bxg6 fxg6 18. Rh3 Ne6 19. Be3 b5 20. Ne2
Nb6 21. b3 a5 22. h5 g5 23. Ne1 a4 24. Ng3 axb3 25. cxb3 Nc4 26. bxc4 bxc4
27. Ka1 Ra4 28. Qc2 Qa5 29. Nf5 Bb4 30. Bf2 Ra8 31. Ne7+ Bxe7 {White
resigns} 0-1

[Event "ICCopen2017"]
[Site "Internet Chess Club"]
[Date "2017.03.19"]
[Round "3"]
[White "Dupinpon"]
[Black "kaimann"]
[Result "1-0"]
[ICCResult "Black forfeits on time"]
[WhiteElo "1597"]
[BlackElo "1931"]
[Opening "Alekhine's defense: two pawns' (Lasker's) attack"]
[ECO "B02"]
[NIC "AL.10"]
[Time "19:35:13"]
[TimeControl "180+0"]

1. e4 Nf6 2. e5 Nd5 3. c4 Nb6 4. c5 Nd5 5. Nc3 c6 6. d4 d6 7. Nxd5 cxd5 8.
cxd6 exd6 9. Nf3 dxe5 10. dxe5 Be7 11. Bd3 O-O 12. O-O Bg4 13. Qc2 h6 14.
Nd4 Nd7 15. Bf4 Nc5 16. Bh7+ Kh8 17. Nf5 Kxh7 18. Ne3+ Kg8 19. Nxg4 Rc8 20.
Qf5 Ne6 21. Bxh6 gxh6 22. Nxh6+ Kg7 23. Rad1 Kxh6 24. Rd3 Bh4 25. Rh3 Qg5
26. Qd3 Kg7 27. g3 Rh8 28. f4 Qg4 29. Kg2 d4 30. f5 Ng5 31. f6+ Kg8 32. Rxh4
Rxh4 33. Rf4 Qh3+ 34. Kf2 Rxf4+ 35. gxf4 Qxh2+ 36. Ke1 Qg1+ 37. Ke2 Qg4+ 38.
Kd2 Qxf4+ 39. Kd1 Qe3 40. Qxe3 dxe3 41. Ke2 Rc2+ 42. Kxe3 Rxb2 43. Kf4 Ne6+
44. Ke4 Rxa2 45. Kd5 Ra5+ 46. Kd6 Rb5 47. Ke7 Rxe5 48. Kd6 Rf5 49. Ke7
{Black forfeits on time}
1-0

[Event "ICCopen2017"]
[Site "Internet Chess Club"]
[Date "2017.03.19"]
[Round "3"]
[White "javi"]
[Black "BlueJ"]
[Result "0-1"]
[ICCResult "White forfeits on time"]
[WhiteElo "1667"]
[BlackElo "2069"]
[Opening "Sicilian, Szén (`anti-Taimanov') variation"]
[ECO "B44"]
[NIC "SI.39"]
[Time "19:35:14"]
[TimeControl "180+0"]

1. e4 c5 2. Nf3 e6 3. d4 cxd4 4. Nxd4 Nc6 5. Nb5 d6 6. c4 Nf6 7. N1c3 a6 8.
Na3 b6 9. Be2 Bb7 10. O-O Be7 11. Be3 O-O 12. Qd2 Re8 13. Rac1 Rc8 14. Rfd1
Ne5 15. f3 Qc7 16. Kh1 h6 17. Bf1 Ned7 18. Rc2 Kh8 19. Qf2 Rg8 20. Rcd2 g5
21. h3 Rg6 22. Bd3 Rg7 23. Bf1 Rcg8 24. Nc2 h5 25. f4 gxf4 26. Bxf4 Nxe4 27.
Nxe4 Bxe4 28. Bxd6 Bxd6 29. Rxd6 Ne5 30. Qf6 Ng6 31. R1d2 Bxc2 32. Rd7 Qf4
33. Qxf4 Nxf4 34. Rxc2 h4 35. Rf2 e5 36. Re7 f6 37. Rxg7 Kxg7 38. b4 Rd8 39.
c5 bxc5 40. bxc5 Rd1 41. c6 Rc1 42. c7 a5 43. Kh2 Rxc7 44. g3 hxg3+ 45. Kxg3
Rc3+ 46. Kh2 Rc1 47. Bd3 Nxd3 48. Rg2+ Kf7 49. Rd2 e4 50. Re2 f5 51. Rf2 Kf6
{White forfeits on time}
0-1

[Event "ICCopen2017"]
[Site "Internet Chess Club"]
[Date "2017.03.19"]
[Round "3"]
[White "zxgifteD"]
[Black "ibarra"]
[Result "0-1"]
[ICCResult "White forfeits on time"]
[WhiteElo "2201"]
[BlackElo "2683"]
[Opening "Sicilian: Kan, 5.Nc3"]
[ECO "B43"]
[NIC "SI.44"]
[Time "19:35:02"]
[TimeControl "180+0"]

1. e4 c5 2. Nc3 a6 3. Nf3 e6 4. d4 cxd4 5. Nxd4 b5 6. Bd3 Qb6 7. Nb3 Qc7 8.
a3 Bb7 9. Qe2 Nf6 10. Bg5 d6 11. O-O Nbd7 12. Rad1 Be7 13. Kh1 h6 14. Bd2
Ne5 15. Na2 Nc4 16. Bc3 Rc8 17. h3 h5 18. Rde1 h4 19. Nd2 Ne5 20. Nb3 Nh5
21. Ba5 Qb8 22. Bd2 g5 23. Nc3 Nf4 24. Qe3 Bd8 25. Rd1 Ba8 26. Bc1 Bb6 27.
Qe1 Rg8 28. Bxf4 gxf4 29. f3 Rh8 30. Ne2 Be3 31. Nbd4 Ng6 32. c3 Qc7 33. e5
Nxe5 34. Nc2 Nxd3 35. Rxd3 Qb6 36. Nxe3 fxe3 37. Nf4 e5 38. Rxe3 Kf8 39. Nd3
Qc7 40. Nxe5 dxe5 41. Rxe5 Rh6 42. Qe3 Kg7 43. Rf2 Rg6 44. Re2 Rd8 45. Re4
Rd1+ {White forfeits on time} 0-1

[Event "ICCopen2017"]
[Site "Internet Chess Club"]
[Date "2017.03.19"]
[Round "3"]
[White "CristianS"]
[Black "iragefree"]
[Result "1-0"]
[ICCResult "Black forfeits on time"]
[WhiteElo "1993"]
[BlackElo "1649"]
[Opening "Sicilian: Scheveningen, classical main line"]
[ECO "B83"]
[NIC "SI.19"]
[Time "19:35:30"]
[TimeControl "180+0"]

1. e4 c5 2. Nf3 e6 3. d4 cxd4 4. Nxd4 Nf6 5. Nc3 d6 6. Be2 Be7 7. O-O O-O 8.
f4 Nc6 9. Be3 a6 10. Qe1 Qc7 11. Qg3 Nxd4 12. Bxd4 b5 13. a3 Bb7 14. Rae1
Rfe8 15. Bd3 d5 16. exd5 Rad8 17. Be5 Qb6+ 18. Kh1 Bxd5 19. Nxd5 Rxd5 20. f5
exf5 21. Bxf5 Qd8 22. Bd3 Bf8 23. Bxf6 Rxe1 24. Bxd8 Rxf1+ 25. Bxf1 Rxd8 26.
Bd3 Bd6 27. Qf3 h6 28. g3 Re8 29. Qb7 Bf8 30. Qxa6 Re1+ 31. Kg2 b4 32. a4 b3
33. cxb3 Rd1 34. Qc4 Rd2+ 35. Kf3 {Black forfeits on time} 1-0

[Event "ICCopen2017"]
[Site "Internet Chess Club"]
[Date "2017.03.19"]
[Round "3"]
[White "MartinaHingis"]
[Black "GiantHulk"]
[Result "0-1"]
[ICCResult "White forfeits on time"]
[WhiteElo "2704"]
[BlackElo "2136"]
[Opening "QGA: 4...e6"]
[ECO "D26"]
[NIC "QG.08"]
[Time "19:34:46"]
[TimeControl "180+0"]

1. Nf3 d5 2. d4 Nf6 3. c4 dxc4 4. e3 e6 5. Bxc4 a6 6. O-O b5 7. Bb3 Bb7 8.
Nc3 Be7 9. Qe2 c5 10. Rd1 Nbd7 11. dxc5 Qb8 12. c6 Bxc6 13. Nd4 Bb7 14. a4
b4 15. Nb1 Bd6 16. h3 Nc5 17. Nd2 Nxb3 18. N4xb3 O-O 19. Nc4 Bc7 20. Nc5 Bd5
21. b3 Bxc4 22. Qxc4 Rc8 23. Bb2 Bd6 24. Bxf6 Rxc5 25. Qg4 Bf8 26. Rd8 Qxd8
27. Bxd8 Rxd8 28. Rd1 h5 29. Qe2 Rxd1+ 30. Qxd1 a5 31. Qd8 Rd5 32. Qb6 Bd6
33. g3 h4 34. gxh4 Rd3 35. Qxa5 Bf8 36. Qa8 Rxb3 37. a5 Ra3 38. a6 b3 39.
Qb7 b2 40. Kg2 Rxa6 41. Qxb2 Ra5 42. Qb8 Ra2 43. Kf3 Ra5 44. Qe8 Rf5+ 45.
Kg3 Rd5 46. f4 Rd3 47. Kf3 Rd1 48. h5 Rb1 49. Qd8 Rg1 50. Qh4 Rc1 51. Qg5
Rc5 52. Qd8 Rf5 53. Kg4 Rf6 54. e4 Rh6 55. h4 Rf6 56. Qd7 Rh6 57. Qd2 Rf6
58. f5 Rh6 59. e5 exf5+ 60. Kg5 Be7+ 61. Kxf5 Rxh5+ 62. Ke4 Rxh4+ 63. Kd5
Bf8 64. Qg2 Rh6 65. Qg5 Re6 66. Qd8 Rg6 67. Ke4 Re6 68. Qc8 Rg6 69. Qb8 Re6
{White forfeits on time}
0-1

[Event "ICCopen2017"]
[Site "Internet Chess Club"]
[Date "2017.03.19"]
[Round "3"]
[White "bugsino"]
[Black "Dabo"]
[Result "1-0"]
[ICCResult "Black forfeits on time"]
[WhiteElo "1713"]
[BlackElo "2043"]
[Opening "Scotch: Göring gambit"]
[ECO "C44"]
[NIC "SO.06"]
[Time "19:34:57"]
[TimeControl "180+0"]

1. e4 e5 2. Nf3 Nc6 3. d4 exd4 4. c3 dxc3 5. Nxc3 Bb4 6. Bc4 Bxc3+ 7. bxc3
d6 8. Qb3 Qd7 9. Ng5 Nh6 10. Bb5 a6 11. Bxc6 Qxc6 12. O-O O-O 13. h3 Kh8 14.
Be3 f6 15. Ne6 Bxe6 16. Qxe6 Nf7 17. c4 Rae8 18. Qd5 Qxd5 19. exd5 b6 20. a4
a5 21. Rfe1 Re4 22. Bd2 Rfe8 23. Kf1 Rxe1+ 24. Rxe1 Rxe1+ 25. Bxe1 Ne5 26.
Ke2 Nxc4 27. Kf3 Nb2 28. Ke4 Kg8 29. Kf5 Kf7 30. g4 g6+ 31. Ke4 Nxa4 32. Kd4
Nc5 33. Kc4 Ke8 34. Kb5 Kd7 35. f4 Ne6 36. f5 Nf4 37. Bc3 gxf5 38. Bxf6 Nxd5
39. Bg5 fxg4 40. hxg4 Ke6 41. Bc1 Nf6 42. g5 Ne4 43. Kc6
{Black forfeits on time}
1-0

[Event "ICCopen2017"]
[Site "Internet Chess Club"]
[Date "2017.03.19"]
[Round "3"]
[White "Eliezer"]
[Black "RockyTop"]
[Result "1-0"]
[ICCResult "Black forfeits on time"]
[WhiteElo "1480"]
[BlackElo "1607"]
[Opening "Sicilian defense"]
[ECO "B40"]
[NIC "SI.43"]
[Time "19:35:33"]
[TimeControl "180+0"]

1. e4 c5 2. Nf3 e6 3. e5 d6 4. exd6 Bxd6 5. h3 Nf6 6. Be2 O-O 7. O-O b6 8.
d4 cxd4 9. Nxd4 Bb7 10. Bf3 Bxf3 11. Nxf3 Qc7 12. c3 Nc6 13. Re1 Rad8 14.
Qe2 h6 15. Nbd2 Nd5 16. Nf1 Ne5 17. Nxe5 Bxe5 18. Be3 Nxe3 19. Nxe3 Bf6 20.
Rad1 Rxd1 21. Rxd1 Rd8 22. Rxd8+ Qxd8 23. Qe1 Qd6 24. Qd1 Qxd1+ 25. Nxd1 Kf8
26. Kf1 Ke7 27. Ke2 Kd6 28. Kd3 Kc5 29. b3 b5 30. f3 a5 31. Nf2 Be7 32. Ne4+
Kc6 33. c4 bxc4+ 34. Kxc4 f6 35. Nc3 Bb4 36. Nb5 Bc5 37. Nc3 Bb6 38. Ne4 Kd7
39. Nd2 Bc7 40. Kd4 e5+ 41. Ke4 Ke6 42. Nc4 f5+ 43. Ke3 g5 44. g4 fxg4 45.
hxg4 Kd5 46. Nd2 Bb6+ 47. Kd3 Ke6 48. Nc4 Bc7 49. Ke4 Kf6 50. Ne3 Ke6 51.
Nd5 Bd6 52. Ne3 Bb4 53. Nf5 Bd2 54. Nxh6 Bf4 55. Nf5 Kd7 56. Ng7 Kc6 57. Nh5
Kb5 58. Nxf4 Kb4 59. Nd5+ Ka3 60. Kxe5 Kxa2 61. Kf5 Kxb3 62. Kxg5 a4 63. f4
a3 64. f5 a2 65. f6 a1=Q 66. f7 Qd1 67. f8=Q Qxd5+ 68. Kh4
{Black forfeits on time}
1-0

[Event "ICCopen2017"]
[Site "Internet Chess Club"]
[Date "2017.03.19"]
[Round "3"]
[White "BotanicalKnight"]
[Black "okiemark"]
[Result "0-1"]
[ICCResult "White forfeits on time"]
[WhiteElo "1515"]
[BlackElo "1929"]
[Opening "Sicilian: Grand Prix attack"]
[ECO "B23"]
[NIC "SI.44"]
[Time "19:35:22"]
[TimeControl "180+0"]

1. e4 c5 2. Nc3 Nc6 3. f4 g6 4. Nf3 Bg7 5. d3 e6 6. g3 d5 7. e5 d4 8. Ne4
Nh6 9. Nd6+ Kf8 10. Bg2 Nf5 11. Nxc8 Rxc8 12. Qe2 h5 13. Bd2 Nce7 14. a3 Nd5
15. Ng5 Bh6 16. Ne4 Qb6 17. b3 Qc6 18. Nf6 Bg7 19. Nxd5 exd5 20. O-O Re8 21.
Qf3 Rd8 22. Rae1 Qe6 23. Bh3 Kg8 24. Qg2 Kh7 25. g4 hxg4 26. Bxg4 Kg8 27.
Kf2 Bf8 28. Rh1 Be7 29. Ke2 Bh4 30. Ref1 b5 31. h3 Rc8 32. Bxf5 Qxf5 33. Qg4
Kf8 34. Qxf5 gxf5 35. Rfg1 Ke7 36. Rg7 Rcg8 37. Rhg1 Rxg7 38. Rxg7 Ke6 39.
Rg1 Be7 40. Rh1 c4 41. bxc4 bxc4 42. dxc4 dxc4 43. a4 c3 44. Be1 Bh4 45.
Bxh4 Rxh4 46. Kd3 Rxf4 {White forfeits on time} 0-1

[Event "ICCopen2017"]
[Site "Internet Chess Club"]
[Date "2017.03.19"]
[Round "3"]
[White "x-plica"]
[Black "vsqk"]
[Result "0-1"]
[ICCResult "White forfeits on time"]
[WhiteElo "1328"]
[BlackElo "1787"]
[Opening "Sicilian defense"]
[ECO "B30"]
[NIC "SI.31"]
[Time "19:35:11"]
[TimeControl "180+0"]

1. e4 c5 2. Nf3 Nc6 3. d3 e6 4. c4 d5 5. cxd5 exd5 6. exd5 Qxd5 7. Nc3 Qh5
8. Be2 Bd6 9. h3 Qg6 10. Ne4 Be7 11. Bg5 Nf6 12. Bxf6 gxf6 13. Qb3 O-O 14.
O-O-O f5 15. Ng3 Nb4 16. a3 Be6 17. Qa4 b5 18. Qxb5 Rab8 19. Qa5 Qf6 20.
axb4 Rxb4 21. Rd2 Rfb8 22. Rc2 Rxb2 23. Kd2 Rxc2+ 24. Kxc2 Qb2+ 25. Kd1 Qb1+
26. Kd2 Rb2+ 27. Ke3 f4+ 28. Kxf4 Bd6+ 29. Kg5 Qc2 30. Re1 h6+ 31. Kh5 Bxg3
32. fxg3 Qb3 33. g4 Qb6 34. Qd2 Qd6 35. Qxb2 Qf8 36. Qf6 Qg7 37. Qxg7+ Kxg7
38. Ne5 c4 39. dxc4 f6 40. Nd7 Bxd7 41. Bf3 Be8+ {White forfeits on time}
0-1

[Event "ICCopen2017"]
[Site "Internet Chess Club"]
[Date "2017.03.19"]
[Round "3"]
[White "arshavin2015"]
[Black "Svinotigr"]
[Result "1-0"]
[ICCResult "Black forfeits on time"]
[WhiteElo "1995"]
[BlackElo "1664"]
[Opening "King's pawn opening"]
[ECO "B07"]
[NIC "VO.17"]
[Time "19:35:09"]
[TimeControl "180+0"]

1. e4 d6 2. Nc3 Nd7 3. g3 e5 4. Bg2 g6 5. d3 Bg7 6. Nge2 Ngf6 7. O-O O-O 8.
h3 c6 9. Bg5 h5 10. Qd2 Re8 11. Kh2 Nf8 12. f4 N8h7 13. Bh4 Qb6 14. fxe5
dxe5 15. b3 Qb4 16. a3 Qf8 17. Rf2 Bh6 18. Qe1 g5 19. Bf3 gxh4 20. gxh4 Kh8
21. Rg2 Qe7 22. Qf2 Be6 23. Rag1 Rg8 24. Ng3 Qd7 25. Nxh5 Bxh3 26. Nxf6 Nxf6
27. Rxg8+ Rxg8 28. Rxg8+ Nxg8 29. Qxa7 Bf4+ 30. Kh1 Qe7 31. Qf2 Nh6 32. Ne2
Qxa3 33. Nxf4 exf4 34. Kh2 Be6 35. Qd4+ Kh7 36. e5 Qe7 37. Qxf4 Bf5 38. d4
Qf8 39. Be4 Bxe4 40. Qxe4+ Kh8 41. Qf4 Qg7 42. c4 Ng4+ 43. Kh3 Nh6 44. d5
Qg6 45. e6 Nf5 46. Qe5+ Kh7 47. exf7 Qxf7 48. Qe6 Qg6 49. Qe7+ Kh6 50. Qg5+
Qxg5 51. hxg5+ Kxg5 52. dxc6 {Black forfeits on time} 1-0